 Dungeon Crawl Stone Soup version 0.26-a0-651-gb41185065b (webtiles) character file.

Game seed: 953049233620447781

3304 Azzok the Blocker (level 9, -2/64 HPs)
             Began as a Demonspawn Fighter on Oct 17, 2020.
             Was a Priest of Cheibriados.
             Killed from afar by an electric eel (4 damage)
             ... with a bolt of electricity
             ... on level 7 of the Dungeon.
             The game lasted 00:13:13 (8308 turns).

Azzok the Blocker (Demonspawn Fighter)              Turns: 8308, Time: 00:13:13

Health: -2/64      AC: 14    Str: 25    XL:     9   Next: 70%
Magic:  9/9        EV:  9    Int: 21    God:    Cheibriados [***...]
Gold:   557        SH: 13    Dex: 20    Spells: 8/8 levels left

rFire    . . .     SeeInvis +     - Unarmed
rCold    + . .     Faith    .   b - +0 kite shield
rNeg     . . .     Spirit   .   l - +0 plate armour
rPois    .         Reflect  .   (helmet unavailable)
rElec    .         Harm     .   x - +0 cloak
rCorr    .         Rampage  .   h - +0 pair of gloves
MR       .....                  (no boots)
Stlth    ..........             (no amulet)
HPRegen  0.20/turn              g - +4 ring of evasion
MPRegen  0.11/turn              e - ring of protection from cold

@: very slow
A: antennae 3, rugged brown scales 1, powered by death 2
a: Bend Time, Temporal Distortion, Renounce Religion


You were on level 7 of the Dungeon.
You worshipped Cheibriados.
Cheibriados was most pleased with you.
You visited 1 branch of the dungeon, and saw 7 of its levels.

You collected 557 gold pieces.

Inventory:

Hand Weapons
 d - a +4 flail of venom
Armour
 b - a +0 kite shield (worn)
 h - a +0 pair of gloves (worn)
 l - a +0 plate armour (worn)
 x - a +0 cloak (worn)
Jewellery
 e - a ring of protection from cold (right hand)
 g - a +4 ring of evasion (left hand)
Wands
 p - a wand of acid (8)
 w - a wand of flame (14)
 y - a wand of iceblast (10)
Scrolls
 a - 2 scrolls of noise {unknown}
 i - a scroll of fog {unknown}
 j - 5 scrolls of amnesia {unknown}
 k - 5 scrolls of remove curse
 m - 2 scrolls of acquirement {unknown}
 n - 6 scrolls of identify {unknown}
 q - a scroll of enchant weapon {unknown}
 r - a scroll of random uselessness {unknown}
 s - 2 scrolls of teleportation {unknown}
 t - a scroll of blinking {unknown}
 z - a scroll of enchant armour {unknown}
Potions
 c - 3 potions of might
 f - a potion of ambrosia
 o - 2 potions of flight {unknown}
 u - a potion of curing
 v - 3 potions of stabbing


   Skills:
 - Level 3.0 Fighting
 - Level 2.6 Armour
 + Level 9.4 Shields
 + Level 9.1 Unarmed Combat


You had 8 spell levels left.
You didn't know any spells.
Your spell library was empty.

Dungeon Overview and Level Annotations

Branches:
Dungeon (7/15)             Temple (0/1) D:5

Altars:
Ashenzari
Cheibriados
Dithmenos
Kikubaaqudgha
Nemelex Xobeh
Qazlal
Ru
Sif Muna
Trog
Xom
Zin

Annotations:
D:4 1 runed translucent door, gbos's ghost, amateur GnNe
D:7 1 exclusion


Innate Abilities, Weirdness & Mutations

You have a pair of large antennae on your head. (SInv)
You are partially covered in rugged brown scales. (AC +1, +3% HP)
You regenerate health from kills.


Message History

The electric eel shoots out a bolt of lightning at you!
The bolt of electricity hits you.
An electric eel comes into view.
The electric eel shoots out a bolt of lightning at you!
The bolt of electricity hits you.
The electric eel shoots out a bolt of lightning at you!
The bolt of electricity hits you!
* * * LOW HITPOINT WARNING * * *
The bolt of electricity hits you.
* * * LOW HITPOINT WARNING * * *
The electric eel shoots out a bolt of lightning at you!
The bolt of electricity hits you.
* * * LOW HITPOINT WARNING * * *
The bolt of electricity hits you!
* * * LOW HITPOINT WARNING * * *
The electric eel shoots out a bolt of lightning at you!
The bolt of electricity misses you.
The electric eel shoots out a bolt of lightning at you!
The bolt of electricity hits you.
You die...

▒····▒·····▒▒
▒····▒▒▒▒▒▒▒▒
▒····'·······
▒··)·▒·······
▒····▒·······
▒···(▒·······
▒····▒·······
▒▒▒▒▒▒▒····▒···(···
▒▒▒▒▒▒▒▒·@········▒·······
▒········▒▒▒▒▒▒▒▒▒▒·······
▒··▒▒▒▒▒▒·▒▒▒▒▒▒▒▒ ▒▒▒▒·
≈·······;·≈·≈·≈· ≈··≈
≈≈≈≈≈≈·≈≈≈≈≈·≈≈≈ ≈≈≈≈
≈≈♣♣♣≈;≈♣♣♣≈·≈♣♣ ♣♣≈·
♣;≈≈♣ ·≈♣ ♣≈≈ ♣≈·≈♣ ≈♣ ♣≈·
≈≈≈≈≈ { ≈≈ ≈≈≈≈


You could see 2 electric eels.

Vanquished Creatures
  A deep elf mage (D:7)
  A hippogriff (D:7)
  Sigmund (D:4)
  Edmund (D:4)
  A water moccasin (D:6)
  An ice beast (D:7)
  2 orc warriors (D:6)
  A sky beast (D:5)
  5 ogres
  4 centaurs
  A phantom (D:6)
  3 scorpions
  2 vampire bats (D:2)
  An electric eel (D:7)
  A bullfrog zombie (D:5)
  A centaur zombie (D:4)
  3 hounds
  A jelly (D:7)
  4 orc priests
  Ijyb (D:4)
  6 orc wizards
  3 iguanas
  4 worker ants
  A hound skeleton (D:4)
  Robin (D:3)
  3 adders
  6 gnolls
  3 white imps
  An ufetubus (D:6)
  2 worms
  3 dart slugs
  5 leopard geckos
  29 orcs
  3 ball pythons
  4 bat skeletons (D:2)
  2 bat zombies (D:2)
  6 giant cockroaches
  12 goblins
  13 hobgoblins
  4 jackals
  10 kobolds
  4 quokkas
  6 bats
  4 frilled lizards
  A quokka skeleton (D:5)
  8 rats
180 creatures vanquished.

Notes
Turn   | Place    | Note
-------+----------+-------------------------------------------
     0 | D:1      | Azzok the Demonspawn Fighter began the quest for the Orb.
     0 | D:1      | Reached XP level 1. HP: 18/18 MP: 1/1
   397 | D:1      | Gained mutation: You regenerate a little health from kills.
                  | [demonic ancestry]
   397 | D:1      | Reached XP level 2. HP: 21/24 MP: 2/2
  1162 | D:2      | Gained mutation: You have a pair of small antennae on your
                  | head. [demonic ancestry]
  1162 | D:2      | Reached XP level 3. HP: 27/29 MP: 3/3
  1695 | D:2      | Reached XP level 4. HP: 35/35 MP: 4/4
  1748 | D:2      | Found a bloodstained altar of Trog.
  1768 | D:2      | Found a shadowy altar of Dithmenos.
  2080 | D:2      | Found an ancient bone altar of Kikubaaqudgha.
  2119 | D:2      | Gained mutation: You regenerate health from kills. [demonic
                  | ancestry]
  2119 | D:2      | Reached XP level 5. HP: 39/41 MP: 5/5
  2229 | D:3      | Noticed Robin
  2356 | D:3      | Killed Robin
  2779 | D:3      | Found a snail-covered altar of Cheibriados.
  2814 | D:3      | Became a worshipper of Cheibriados the Contemplative
  3249 | D:4      | Noticed Sigmund
  3267 | D:4      | Killed Sigmund
  3267 | D:4      | Reached skill level 5 in Shields
  3267 | D:4      | Gained mutation: You have a pair of antennae on your head.
                  | [demonic ancestry]
  3267 | D:4      | Reached XP level 6. HP: 39/47 MP: 6/6
  3331 | D:4      | Noticed Ijyb
  3364 | D:4      | Killed Ijyb
  3371 | D:4      | Found a shimmering blue altar of Sif Muna.
  3407 | D:4      | Found a runed translucent door.
  3408 | D:4      | Noticed gbos's ghost (amateur GnNe)
  3434 | D:4      | Reached skill level 5 in Unarmed Combat
  3443 | D:4      | Gained mutation: You are partially covered in rugged brown
                  | scales. (AC +1, +3% HP) [demonic ancestry]
  3443 | D:4      | Reached XP level 7. HP: 44/53 MP: 7/7
  3454 | D:4      | Reached * piety under Cheibriados
  4425 | D:4      | Noticed Edmund
  4426 | D:4      | Found a glowing silver altar of Zin.
  4461 | D:4      | Killed Edmund
  4682 | D:4      | Found a stormy altar of Qazlal.
  4682 | D:4      | Found a broken altar of Ashenzari.
  4682 | D:4      | Found a sacrificial altar of Ru.
  4689 | D:4      | Found a shimmering altar of Xom.
  4704 | D:4      | Found a sparkling altar of Nemelex Xobeh.
  4866 | D:5      | Entered Level 5 of the Dungeon
  5137 | D:5      | Gained mutation: You have a pair of large antennae on your
                  | head. (SInv) [demonic ancestry]
  5137 | D:5      | Reached XP level 8. HP: 20/59 MP: 8/8
  5379 | D:5      | Found a staircase to the Ecumenical Temple.
  6123 | D:5      | Reached ** piety under Cheibriados
  6631 | D:6      | Reached XP level 9. HP: 46/64 MP: 9/9
  6824 | D:6      | Reached *** piety under Cheibriados
  7417 | D:7      | Noticed a deep elf mage
  7455 | D:7      | Noticed a smoke demon
  7456 | D:7      | Noticed an orange demon
  7461 | D:7      | Killed a deep elf mage
  8308 | D:7      | HP: 2/64 [electric eel/bolt of electricity (8)]
  8308 | D:7      | Killed from afar by an electric eel

Illustrated notes

Levels and vault maps discovered:
D:1:      co_arrival_square_in_a_square_in_a_square, layout_basic
D:2:      layout_basic, grunt_dithmenos_smoke, bloody_trog,
          kennysheep_vampire_church, kennysheep_path_1
D:3:      layout_rooms, kennysheep_slug_shrine, uniq_robin
D:4:      layout_layer_cave, minmay_overflow_temple_hex, lemuel_crystal_altar,
          ebering_ghost_reflecting_pool, uniq_ijyb, uniq_edmund, uniq_sigmund
D:5:      layout_basic, minmay_temple_entry_mini_moons
D:6:      layout_loops_cross, minmay_checkerbox
D:7:      layout_basic, kennysheep_boxes

Skill      XL: |  1  2  3  4  5  6  7  8  9 |
---------------+----------------------------+-----
Unarmed Combat | 2 3 4 5 6 7 9 |  9.1
Shields        | 3 4 5 6 8 9 |  9.4
Fighting       | |  3.0
Armour         | |  2.6

Action                   |  1- 3 |  4- 6 |  7- 9 || total
-------------------------+-------+-------+-------++-------
Melee: Unarmed           |   171 |   299 |   479 ||   949
  Use: Scroll            |       |     1 |     1 ||     2
       Potion            |       |       |     5 ||     5
Armor: Scale mail        |    73 |       |       ||    73
       Chain mail        |       |   153 |       ||   153
       Plate armour      |       |    34 |   165 ||   199
Dodge: Dodged            |    46 |   119 |    88 ||   253
Block: Kite shield       |    76 |   177 |   214 ||   467

Table legend: (Time is in decaauts)
 A = Elapsed time spent in this place.
 B = Non-inter-level travel time spent in this place.
 C = Inter-level travel time spent in this place.
 D = Time resting spent in this place.
 E = Time spent auto-exploring this place.
 F = Levels seen in this place.
 G = Mean time per level.
                   A        B        C        D        E       F      G
               +--------+--------+--------+--------+--------+-----+--------+
         Total |   9528 |   9309 |    219 |   1041 |   6303 |   7 | 1361.1 |
       Dungeon |   9528 |   9309 |    219 |   1041 |   6303 |   7 | 1361.1 |
               +--------+--------+--------+--------+--------+-----+--------+

Top non-repeatable levels by time:
     D:4: 2352 daAuts
     D:5: 1475 daAuts
     D:7: 1370 daAuts
     D:1: 1266 daAuts
     D:6: 1212 daAuts
     D:2: 1165 daAuts
     D:3: 685 daAuts
